 Dungeon Crawl Stone Soup version 0.29-a0-341-g24ffce5b50 (webtiles) character file.

Game seed: 10055777385317588145

2814 dolemite99 the Magician (level 9, -3/66 HPs)
             Began as a Gnoll Earth Elementalist on Apr 21, 2022.
             Was an Initiate of Gozag.
             Slain by Erica
             ... wielding a +3 scimitar of flaming
              (8 damage)
             ... on level 9 of the Dungeon.
             The game lasted 00:11:13 (12764 turns).

dolemite99 the Magician (Gnoll Earth Elementalist) Turns: 12764, Time: 00:11:14

Health: -3/66      AC:  4    Str:  8    XL:     9   Next: 72%
Magic:  10/19      EV: 14    Int: 19    God:    Gozag
Gold:   727        SH:  0    Dex: 12    Spells: 17/21 levels left

rFire   . . .      SeeInvis +   b - +6 hunting sling
rCold   . . .      Faith    .   (no shield)
rNeg    . . .      Spirit   .   y - +2 robe "Bapnoz" {Rampage}
rPois   .          Reflect  .   (no helmet)
rElec   .          Harm     .   (no cloak)
rCorr   .          Rampage  +   (no gloves)
Will    .....                   (no boots)
Stlth   +++.......              (no amulet)
HPRegen 0.21/turn               x - ring of see invisible
MPRegen 0.16/turn               E - +4 ring of slaying

@: slowed, very slow
A: fangs 1, strong nose, distributed training
a: Renounce Religion, Potion Petition, Call Merchant, Bribe Branch


You were on level 9 of the Dungeon.
You worshipped Gozag.
Gozag was pleased with you.
You visited 1 branch of the dungeon, and saw 9 of its levels.
You also visited: Ossuary.

You collected 1175 gold pieces.
You spent 286 gold pieces at shops.
You paid 162 gold pieces to Gozag.

Inventory:

Hand Weapons
 a - a +0 rapier of freezing
 b - a +6 hunting sling (weapon)
 d - a +0 dagger
 g - a +0 hand axe
 G - a +2 hand axe of flaming
Missiles
 u - 5 poisoned darts
 A - 2 stones
 H - 3 boomerangs
Armour
 y - the +2 robe "Bapnoz" (worn) {Rampage}
   (You found it on level 4 of the Dungeon)

   Rampage:   It bestows one free step when moving towards enemies.
 M - an orb of wrath
Jewellery
 p - a ring of ice
 x - a ring of see invisible (left hand)
 E - a +4 ring of slaying (right hand)
 I - a +4 ring of protection
 K - a +6 ring of strength
 L - a +6 ring of intelligence
Wands
 e - a wand of mindburst (12)
 s - a wand of charming (3)
 O - a wand of flame (22)
Scrolls
 h - a scroll of torment {unknown}
 o - 2 scrolls of blinking
 q - a scroll of amnesia
 r - a scroll of holy word
 v - 7 scrolls of teleportation
 z - 4 scrolls of vulnerability {unknown}
 D - 4 scrolls of enchant armour {unknown}
 F - a scroll of silence {unknown}
 N - a scroll of fog {unknown}
Potions
 c - a potion of magic
 f - 3 potions of haste
 i - 3 potions of cancellation
 j - 7 potions of mutation
 k - 3 potions of lignification
 l - a potion of attraction {unknown}
 m - 4 potions of flight
 n - 5 potions of curing
 t - 5 potions of ambrosia {unknown}
 w - 3 potions of resistance {unknown}
 B - a potion of degeneration {unknown}
 C - 3 potions of heal wounds
 J - 2 potions of brilliance


   Skills:
 + Level 4.5 Fighting
 + Level 4.5 Short Blades
 + Level 4.5 Long Blades
 + Level 4.5 Axes
 + Level 4.5 Maces & Flails
 + Level 4.5 Polearms
 + Level 4.5 Staves
 + Level 4.5 Slings
 + Level 4.5 Bows
 + Level 4.5 Crossbows
 + Level 4.5 Throwing
 + Level 4.5 Armour
 + Level 6.5 Dodging
 + Level 6.2 Stealth
 + Level 4.5 Shields
 + Level 4.5 Unarmed Combat
 + Level 6.8 Spellcasting
 + Level 3.7 Conjurations
 + Level 3.7 Hexes
 + Level 3.7 Summonings
 + Level 3.7 Necromancy
 + Level 3.7 Translocations
 + Level 4.3 Transmutations
 + Level 3.7 Fire Magic
 + Level 3.7 Ice Magic
 + Level 3.7 Air Magic
 + Level 6.7 Earth Magic
 + Level 3.7 Poison Magic
 + Level 5.0 Invocations
 + Level 4.5 Evocations


You had 17 spell levels left.
You knew the following spells:

 Your Spells              Type           Power      Damage    Failure   Level
a - Sandblast             Erth           64%        2d14      1%          1
b - Stone Arrow           Conj/Erth      52%        3d10      3%          3

Your spell library contained the following spells:

 Spells                   Type           Power      Damage    Failure   Level
 Passwall                 Tmut/Erth      22%        N/A       1%          2
 Animate Skeleton         Necr           40%        N/A       2%          1
 Apportation              Tloc           40%        N/A       2%          1
 Magic Dart               Conj           80%        1d7       2%          1
 Summon Small Mammal      Summ           80%        N/A       2%          1
 Call Imp                 Summ           20%        N/A       3%          2
 Searing Ray              Conj           40%        2d5       3%          2
 Dazzling Flash           Conj/Hex       40%        N/A       7%          3
 Gell's Gravitas          Tloc           20%        N/A       7%          3
 Lesser Beckoning         Tloc           20%        N/A       7%          3
 Mephitic Cloud           Conj/Pois/Air  20%        N/A       7%          3
 Teleport Other           Tloc           20%        N/A       7%          3
 Petrify                  Tmut/Erth      27%        N/A       11%         4
 Animate Armour           Summ/Erth      52%        N/A       12%         4
 Ice Form                 Ice/Tmut       21%        N/A       19%         4
 Fulminant Prism          Conj/Hex       10%        3d9       22%         4
 Hailstorm                Conj/Ice       20%        3d6       22%         4
 Iskenderun's Mystic Bla  Conj/Tloc      20%        2d6       22%         4
 Simulacrum               Ice/Necr       10%        N/A       98%         6
 Starburst                Conj/Fire      10%        6d5       98%         6
 Borgnjor's Revivificati  Necr           10%        N/A       100%        8
 Lehudib's Crystal Spear  Conj/Erth      13%        10d4      100%        8
 Necromutation            Tmut/Necr      10%        N/A       100%        8
 Death's Door             Necr           10%        N/A       100%        9


Dungeon Overview and Level Annotations

Branches:
Dungeon (9/15)             Temple (0/1) D:7         Ossuary (visited)
   Lair: D:8-11         Orc: D:9-12

Altars:
Ashenzari
Elyvilon
Gozag
Trog

Shops:
D:5 ?   D:6 !

Annotations:
D:5 1 runed translucent door, HendSelp's ghost, amateur HuTm
D:9 Erica


Innate Abilities, Weirdness & Mutations

You have very sharp teeth.
Your uncanny sense of smell can sniff out nearby items.
Your experience applies equally to all skills.


Message History

You shoot a sling bullet. The sling bullet barely misses Erica.
Erica screams, "Coming here was suicide!
For you!" Erica gestures at you while chanting. The bolt of poison hits you!!
You are poisoned.
You feel very sick. Erica gestures at you while chanting.
The bolt of poison misses you.
Casting: Stone Arrow (dangerous; 3% risk of failure)
Confirm with . or Enter, or press ? or * to list all spells.
Aiming: Stone Arrow (dangerous; 3% risk of failure)
Press: ? - help, Shift-Dir - straight line, f/p - Erica
Aim: Erica, wielding a +3 scimitar of flaming and wearing a +0 robe (lightly wounded, fast, 68% to hit)
The stone arrow hits Erica!!
Erica is moderately wounded.
You feel very sick. Erica gestures at you while chanting.
You are confused.
You're too confused to cast spells.
You feel better.
Erica points at you and mumbles some strange words.
You feel yourself slow down.
You feel much better.
Erica hits you with a +3 scimitar of flaming!
Erica burns you.
Casting: Stone Arrow (dangerous; 3% risk of failure)
Confirm with . or Enter, or press ? or * to list all spells.
Aiming: Sandblast (safe; 1% risk of failure)
Press: ? - help, Shift-Dir - straight line, f/p - Erica
Aim: Erica, wielding a +3 scimitar of flaming and wearing a +0 robe (moderately wounded, fast, 80% to hit)
The blast of sand hits Erica!
Erica is heavily wounded.
A - 2 stones Erica hits you with a +3 scimitar of flaming!
Erica burns you.
Erica hits you with a +3 scimitar of flaming!
* * * LOW HITPOINT WARNING * * *
Erica burns you!
You die...
Your body crumbles into a pile of gold.

#.....#
#!....#
#.....# .....#
#########....#
#............#
#............#
#............#
#.>....<@@...#
#............#
#............#
#.......######
#........
#.........
#..........
#...........
####+####....


You could see Erica (fast).

Vanquished Creatures
  Eustachio (D:5)
  3 water moccasins
  An ice beast (D:6)
  2 black bears (D:5)
  2 sky beasts
  2 orc warriors (D:8)
  A centaur (D:7)
  An elf zombie (D:4)
  A phantom (D:5)
  A gnoll sergeant (D:8)
  2 scorpions
  A necrophage (D:8)
  2 elf skeletons (D:4)
  3 wights (D:8)
  2 jellies (D:7)
  A human zombie (D:4)
  4 orc priests
  A gnoll shaman (D:6)
  3 hounds
  3 iguanas
  3 orc wizards
  8 mummies (Ossuary)
  22 gnolls
  5 adders
  2 shadow imps (D:6)
  3 white imps
  An ufetubus (D:7)
  A worm (D:4)
  2 dart slugs (D:2)
  23 orcs
  5 ball pythons
  2 bats
  6 endoplasms
  2 giant cockroaches
  2 gnoll zombies (Ossuary)
  4 goblins
  3 hobgoblins (D:2)
  5 quokkas
  4 frilled lizards
  2 hobgoblin zombies (Ossuary)
  5 kobolds
  A kobold zombie (Ossuary)
  2 orc skeletons (D:4)
  3 orc zombies (Ossuary)
  5 rats
158 creatures vanquished.

Vanquished Creatures (others)
  5 plants (D:2)
  2 withered plants (D:5)
7 creatures vanquished.

Grand Total: 165 creatures vanquished

Notes
Turn   | Place    | Note
-------+----------+-------------------------------------------
     0 | D:1      | dolemite99 the Gnoll Earth Elementalist began the quest for
                  | the Orb.
     0 | D:1      | Reached XP level 1. HP: 13/13 MP: 6/6
   184 | D:1      | Found a faded altar of an unknown god.
   191 | D:1      | Reached XP level 2. HP: 19/19 MP: 4/7
   919 | D:2      | Reached skill level 5 in Spellcasting
   919 | D:2      | Reached XP level 3. HP: 23/25 MP: 5/9
   979 | D:2      | Reached skill level 1 in Invocations
  1470 | D:2      | Reached skill level 1 in Fighting
  1470 | D:2      | Reached skill level 1 in Short Blades
  1470 | D:2      | Reached skill level 1 in Long Blades
  1470 | D:2      | Reached skill level 1 in Axes
  1470 | D:2      | Reached skill level 1 in Maces & Flails
  1470 | D:2      | Reached skill level 1 in Polearms
  1470 | D:2      | Reached skill level 1 in Staves
  1470 | D:2      | Reached skill level 1 in Slings
  1470 | D:2      | Reached skill level 1 in Bows
  1470 | D:2      | Reached skill level 1 in Crossbows
  1470 | D:2      | Reached skill level 1 in Throwing
  1470 | D:2      | Reached skill level 1 in Armour
  1470 | D:2      | Reached skill level 1 in Shields
  1470 | D:2      | Reached skill level 1 in Unarmed Combat
  1470 | D:2      | Reached skill level 1 in Evocations
  1470 | D:2      | Reached XP level 4. HP: 32/32 MP: 8/11
  1601 | D:2      | Reached skill level 1 in Conjurations
  1601 | D:2      | Reached skill level 1 in Hexes
  1601 | D:2      | Reached skill level 1 in Summonings
  1601 | D:2      | Reached skill level 1 in Necromancy
  1601 | D:2      | Reached skill level 1 in Translocations
  1601 | D:2      | Reached skill level 1 in Fire Magic
  1601 | D:2      | Reached skill level 1 in Ice Magic
  1601 | D:2      | Reached skill level 1 in Air Magic
  1601 | D:2      | Reached skill level 1 in Poison Magic
  2362 | D:3      | Reached XP level 5. HP: 36/37 MP: 4/12
  3157 | D:4      | Identified the +2 robe "Bapnoz" {Rampage}
  3447 | D:4      | Reached XP level 6. HP: 33/44 MP: 3/14
  3450 | D:4      | Found a sand-covered staircase.
  3463 | D:4      | Reached skill level 5 in Dodging
  3467 | Ossuary  | Entered an ossuary
  3782 | Ossuary  | Learned a level 3 spell: Stone Arrow
  4450 | Ossuary  | Reached XP level 7. HP: 22/50 MP: 5/15
  6107 | D:5      | Entered Level 5 of the Dungeon
  6140 | D:5      | Reached skill level 5 in Stealth
  6463 | D:5      | Found Efatroipt's Magic Scroll Shoppe.
  6775 | D:5      | Reached XP level 8. HP: 22/57 MP: 4/16
  7275 | D:5      | Found a broken altar of Ashenzari.
  7275 | D:5      | Found an opulent altar of Gozag.
  7279 | D:5      | Found a bloodstained altar of Trog.
  7406 | D:5      | Became a worshipper of Gozag Ym Sagoz the Greedy
  7414 | D:5      | Found a runed translucent door.
  7416 | D:5      | Noticed HendSelp's ghost (amateur HuTm)
  7436 | D:5      | Noticed Eustachio
  7455 | D:5      | Killed Eustachio
  8685 | D:6      | Found Giclur's Distillery.
  8694 | D:6      | Bought a potion of haste for 110 gold pieces
  8694 | D:6      | Bought a potion of cancellation for 88 gold pieces
  8694 | D:6      | Bought a potion of heal wounds for 55 gold pieces
  8694 | D:6      | Bought a potion of lignification for 33 gold pieces
  9322 | D:7      | Reached XP level 9. HP: 65/65 MP: 15/18
  9622 | D:7      | Found a staircase to the Ecumenical Temple.
 11894 | D:8      | Found a white marble altar of Elyvilon.
 12499 | D:8      | Reached skill level 5 in Invocations
 12724 | D:9      | Noticed a death yak
 12755 | D:9      | Noticed Erica
 12764 | D:9      | Slain by Erica

Illustrated notes

Levels and vault maps discovered:
D:1:      minmay_arrival_solitary_statue, layout_loops_ring,
          shapermc_ecumenical_altar_starsandcircs
D:2:      layout_loops_ring, minmay_misc_feat_rows, chequers_big_river
D:3:      layout_loops_ring
D:4:      layout_basic, nicolae_ossuary_entry_catacombs
D:5:      layout_loops_ring, gammafunk_temple_overflow_claw, serial_shops,
          nicolae_take_the_stairs, gammafunk_ghost_grave, uniq_eustachio
D:6:      layout_basic, serial_shops, nicolae_shop_statue_plus
D:7:      layout_basic, minmay_temple_entry_gardened_gates
D:8:      layout_basic, elyvilon_altar_3, hangedman_decor_opposing,
          moated_statue
D:9:      layout_grid_maze, dpeg_lair_monsters, enter_bailey_3, serial_shops,
          shop, minivault_21, uniq_erica

Skill      XL: |  1  2  3  4  5  6  7  8  9 |
---------------+----------------------------+-----
Transmutations | 2 3 4 |  4.3
Spellcasting   | 5 6 |  6.8
Invocations    | 1 2 3 4 5 |  5.0
Fighting       | 1 2 3 4 |  4.5
Short Blades   | 1 2 3 4 |  4.5
Long Blades    | 1 2 3 4 |  4.5
Axes           | 1 2 3 4 |  4.5
Maces & Flails | 1 2 3 4 |  4.5
Polearms       | 1 2 3 4 |  4.5
Staves         | 1 2 3 4 |  4.5
Slings         | 1 2 3 4 |  4.5
Bows           | 1 2 3 4 |  4.5
Crossbows      | 1 2 3 4 |  4.5
Throwing       | 1 2 3 4 |  4.5
Armour         | 1 2 3 4 |  4.5
Shields        | 1 2 3 4 |  4.5
Unarmed Combat | 1 2 3 4 |  4.5
Evocations     | 1 2 3 4 |  4.5
Conjurations   | 1 2 3 |  3.7
Hexes          | 1 2 3 |  3.7
Summonings     | 1 2 3 |  3.7
Necromancy     | 1 2 3 |  3.7
Translocations | 1 2 3 |  3.7
Fire Magic     | 1 2 3 |  3.7
Ice Magic      | 1 2 3 |  3.7
Air Magic      | 1 2 3 |  3.7
Poison Magic   | 1 2 3 |  3.7
Dodging        | 5 6 |  6.5
Stealth        | 5 6 |  6.2
Earth Magic    | 6 |  6.7

Action                   |  1- 3 |  4- 6 |  7- 9 || total
-------------------------+-------+-------+-------++-------
Melee: Hand axe          |     2 |    12 |       ||    14
       Punch             |       |     1 |       ||     1
       Rapier            |       |       |     3 ||     3
 Fire: Hunting sling     |       |       |   111 ||   111
 Cast: Sandblast         |    34 |   102 |   148 ||   284
       Stone Arrow       |       |       |    19 ||    19
  Use: Scroll            |       |       |    20 ||    20
       Potion            |       |       |     2 ||     2
Armor: Robe              |     3 |     6 |     9 ||    18
Dodge: Dodged            |    17 |    25 |    75 ||   117

Table legend: (Time is in decaauts)
 A = Elapsed time spent in this place.
 B = Non-inter-level travel time spent in this place.
 C = Inter-level travel time spent in this place.
 D = Time resting spent in this place.
 E = Time spent auto-exploring this place.
 F = Levels seen in this place.
 G = Mean time per level.
                   A        B        C        D        E       F      G
               +--------+--------+--------+--------+--------+-----+--------+
         Total |  12806 |  12465 |    341 |   4744 |   5873 |  10 | 1280.6 |
       Dungeon |  11223 |  10882 |    341 |   3508 |   5798 |   9 | 1247.0 |
       Ossuary |   1582 |   1582 |      0 |   1236 |     75 |   1 | 1582.0 |
               +--------+--------+--------+--------+--------+-----+--------+

Top non-repeatable levels by time:
     D:8: 2238 daAuts
     D:5: 1936 daAuts
 Ossuary: 1582 daAuts
     D:4: 1556 daAuts
     D:2: 1376 daAuts
     D:6: 1281 daAuts
     D:7: 1172 daAuts
     D:1: 822 daAuts
     D:3: 780 daAuts
     D:9: 57 daAuts
